 Dungeon Crawl Stone Soup version 0.20.0-10-g0535bb4 (webtiles) character file.

203 Gorglomux the Gusty (level 6, -7/32 HPs)
             Began as a Kobold Air Elementalist on June 4, 2017.
             Mangled by a gnoll
             ... wielding a +5 spear
              (12 damage)
             ... on level 3 of the Dungeon.
             The game lasted 00:07:19 (2907 turns).

Gorglomux the Gusty (Kobold Air Elementalist)       Turns: 2907, Time: 00:07:20

Health: -7/32      AC:  2    Str:  5    XL:     6   Next: 8%
Magic:  0/11       EV: 14    Int: 18    God:
Gold:   121        SH:  0    Dex: 16    Spells: 8/12 levels left

rFire    + . .     SeeInvis .   R - +1 whip (freeze)
rCold    . . .     Gourm    .   (shield restricted)
rNeg     . . .     Faith    +   a - +0 robe
rPois    .         Spirit   .   (no helmet)
rElec    .         Reflect  .   U - scarf {repulsion}
rCorr    .         Harm     .   (no gloves)
MR       .....                  (no boots)
Stlth    ++........             S - amulet of faith
Regen    0.1/turn               f - ring of protection from fire
MPRegen  0.2/turn               (no ring)

@: very slightly contaminated, drained, repel missiles
A: carnivore 3
a: no special abilities


You were on level 3 of the Dungeon.
You were completely stuffed.

You visited 1 branch of the dungeon, and saw 3 of its levels.

You collected 121 gold pieces.

Inventory:

Hand Weapons
 R - a +1 whip of freezing (weapon)
Armour
 a - a +0 robe (worn)
 U - a scarf of repulsion (worn)
Jewellery
 f - a ring of protection from fire (left hand)
 O - an uncursed amulet of harm
 S - an amulet of faith (around neck)
Scrolls
 B - 3 scrolls of teleportation {unknown}
 E - a scroll of immolation {unknown}
 G - 6 scrolls of remove curse {unknown}
 I - 2 scrolls of amnesia {unknown}
 K - a scroll of fear {unknown}
 Q - 2 scrolls of enchant weapon {unknown}
Potions
 A - a potion of flight {unknown}
 C - a potion of brilliance {unknown}
 F - 2 potions of curing {unknown}
 J - 4 potions of heal wounds {unknown}
Books
 b - a book of Air

   Spells                             Type                      Level
   a - Shock                          Conjuration/Air              1
   b - Swiftness                      Charms/Air                   2
   c - Static Discharge               Conjuration/Air              3
   d - Airstrike                      Air                          4
   e - Lightning Bolt                 Conjuration/Air              5
Comestibles
 z - 2 meat rations
 P - 2 royal jellies


   Skills:
 - Level 2.4(1.7) Dodging
 - Level 2.6(1.9) Stealth
 + Level 3.9(3.2) Spellcasting
 + Level 3.1(2.3) Conjurations
 + Level 4.3(3.5) Air Magic


You had 8 spell levels left.
You knew the following spells:

 Your Spells              Type           Power        Failure   Level  Hunger
a - Shock                 Conj/Air       ##..         4%          1    None
b - Static Discharge      Conj/Air       ##......     14%         3    ###....


Dungeon Overview and Level Annotations

Branches:
Dungeon (3/15)

Altars:


Innate Abilities, Weirdness & Mutations

You are small and have problems with some larger weapons.
You are carnivorous and can eat meat at any time.


Message History

Confirm with . or Enter, or press ? or * to list all spells.
Aiming: Shock
Press: ? - help, Shift-Dir - straight line, f - gnoll
Aim: a gnoll, wielding an enchanted spear The zap hits the gnoll.
The gnoll is heavily wounded.
The gnoll hits you from afar with an enchanted spear!
The gnoll barely misses you.
Casting: Shock
Confirm with . or Enter, or press ? or * to list all spells.
The gnoll is struck by lightning.
The gnoll is almost dead.
The lightning arcs!
You are struck by lightning.
The lightning grounds out.
The gnoll hits you with an enchanted spear.
* * * LOW HITPOINT WARNING * * *
Casting: Static Discharge
Confirm with . or Enter, or press ? or * to list all spells.
You miscast Static Discharge.
You feel momentarily weightless.
The gnoll hits you with an enchanted spear!
You die...

..# #..###..... #...###.## #.....
.#.g##.# #..... .)....####.....
#............. ############
#>g...#.....## #..........#
#........##.##
#..........#######.)....####...
#...........รท)@g.(....#.####.#.
###.........<#######....#........
.........)...# #######....###
....####################.....####
##..# #.................##..)...
[#..####....................#####
[#................###########
?#...############## ##...#


You could see a gnoll.

Vanquished Creatures
  A scorpion (D:3)
  A howler monkey (D:3)
  2 gnolls (D:3)
  4 adders (D:2)
  A worm (D:2)
  A dart slug (D:2)
  A leopard gecko (D:1)
  6 orcs (D:3)
  5 giant cockroaches
  4 goblins
  3 hobgoblins
  3 jackals (D:1)
  2 quokkas
  7 bats
  3 frilled lizards
  6 kobolds
  5 rats
55 creatures vanquished.

Notes
Turn   | Place    | Note
-------+----------+-------------------------------------------
     0 | D:1      | Gorglomux the Kobold Air Elementalist began the quest for the Orb.
     0 | D:1      | Reached XP level 1. HP: 10/10 MP: 3/3
   143 | D:1      | Reached XP level 2. HP: 13/15 MP: 0/5
   684 | D:1      | Reached XP level 3. HP: 19/19 MP: 1/7
   830 | D:1      | Learned a level 3 spell: Static Discharge
  1145 | D:2      | Reached skill level 3 in Spellcasting
  1207 | D:2      | Reached XP level 4. HP: 24/24 MP: 0/8
  2505 | D:3      | Reached skill level 4 in Air Magic
  2505 | D:3      | Reached XP level 5. HP: 25/28 MP: 0/10
  2671 | D:3      | Reached skill level 3 in Conjurations
  2796 | D:3      | Reached XP level 6. HP: 20/32 MP: 0/11
  2907 | D:3      | Mangled by a gnoll

Skill      XL: |  1  2  3  4  5 |
---------------+----------------+-----
Conjurations   | 2 3 |  3.1
Spellcasting   | 3 |  3.9
Air Magic      | 4 |  4.3
Dodging        | |  2.4
Stealth        | |  2.6

Action                   |  1- 3 |  4- 6 || total
-------------------------+-------+-------++-------
Melee: Unarmed           |    13 |       ||    13
       Whip              |       |    14 ||    14
 Cast: Shock             |    45 |    61 ||   106
       Static Discharge  |     4 |     9 ||    13
  Eat: Chunk             |    10 |     7 ||    17
Armor: Robe              |     8 |     3 ||    11
Dodge: Dodged            |    27 |    30 ||    57
       Deflected         |       |     1 ||     1
